 Dungeon Crawl Stone Soup version 0.19-a0-1091-g463c9de (webtiles) character file.

42 Jmtri7 the Chopper (level 3, -2/31 HPs)
             Began as a Hill Orc Fighter on Aug 7, 2016.
             Was an Initiate of Makhleb.
             Slain by Grinder (6 damage)
             ... while paralysed by Grinder
             ... on level 3 of the Dungeon.
             The game lasted 00:02:37 (1395 turns).

Jmtri7 the Chopper (Hill Orc Fighter)               Turns: 1395, Time: 00:02:38

Health: -2/31      AC:  8    Str: 19    XL:     3   Next: 56%
Magic:  3/3        EV:  2    Int:  8    God:    Makhleb [......]
Gold:   101        SH:  0    Dex: 10    Spells: 0 memorised, 2 levels left

rFire  . . .     SeeInvis .     a - +0 war axe
rCold  . . .     Gourm    .     b - +0 scale mail
rNeg   . . .     Faith    .     c - +0 shield
rPois  .         Spirit   .     n - +0 helmet (curse)
rElec  .         Dismiss  .     (no cloak)
rCorr  .         Reflect  .     (no gloves)
SustAt .         Harm     .     (no boots)
MR     .....                    (no amulet)
Stlth  ..........               (no ring)
                                (no ring)

@: paralysed
A: no striking features
a: Renounce Religion


You were on level 3 of the Dungeon.
You worshipped Makhleb.
Makhleb was noncommittal.
You were not hungry.

You visited 1 branch of the dungeon, and saw 3 of its levels.

You collected 101 gold pieces.

Inventory:

Hand Weapons
 a - a +0 war axe (weapon)
Armour
 b - a +0 scale mail (worn)
 c - a +0 shield (worn)
 n - a cursed +0 helmet (worn)
Scrolls
 e - a scroll of immolation {unknown}
 i - a scroll of teleportation {unknown}
 j - 5 scrolls of identify {unknown}
 l - a scroll of fog {unknown}
 m - 2 scrolls of remove curse {unknown}
 p - a scroll of amnesia {unknown}
Potions
 d - a potion of might
 k - a potion of curing {unknown}
 o - a potion of flight {unknown}
Comestibles
 f - 2 bread rations
 h - a beef jerky
 q - a meat ration


   Skills:
 - Level 3.6 Fighting
 + Level 5.1 Axes
 - Level 3.2 Armour
 - Level 3.2 Shields


You had 2 spell levels left.
You didn't know any spells.

Dungeon Overview and Level Annotations

Branches:
Dungeon (3/15)

Altars:
Makhleb
Vehumet

Annotations:
D:3 Grinder


Message History

You slash the hobgoblin!
You kill the hobgoblin!
Makhleb accepts your kill.
You closely miss the goblin. You block the goblin's attack.
Grinder blinks!
The goblin hits you but does no damage.
You slash the goblin!
You kill the goblin!
Makhleb accepts your kill.
Your shield prevents you from hitting Grinder.
Grinder gestures at you.
You suddenly lose the ability to move!
Grinder hits you but does no damage. Grinder hits you. Grinder hits you!
You writhe in agony.
Grinder hits you but does no damage. Grinder gestures at you.
Pain shoots through your body!
* * * LOW HITPOINT WARNING * * *
Grinder hits you.
You die...

#...... ....
#.....# ......
#.....##......
##.....#.......
#......#.......
#......#.......
#..............
#!..5@).......
##........?#.#
#.)?........#
#.........###
#.........#
#.........#
#.........#
#.........#
######.####


You could see Grinder.

Vanquished Creatures
  A worm (D:2)
  3 giant geckos
  3 bats
  2 giant cockroaches (D:2)
  5 goblins
  5 hobgoblins
  2 jackals (D:2)
  A ball python (D:2)
  9 kobolds
  2 rats
33 creatures vanquished.

Vanquished Creatures (others)
  A hobgoblin (D:2)
  A rat (D:2)
2 creatures vanquished.

Grand Total: 35 creatures vanquished

Notes
Turn   | Place    | Note
-------+----------+-------------------------------------------
     0 | D:1      | Jmtri7 the Hill Orc Fighter began the quest for the Orb.
     0 | D:1      | Reached XP level 1. HP: 19/19 MP: 1/1
   124 | D:1      | Reached skill level 3 in Axes
   239 | D:1      | Reached XP level 2. HP: 24/26 MP: 2/2
   553 | D:1      | Reached skill level 4 in Axes
   714 | D:2      | Found a radiant altar of Vehumet.
   947 | D:2      | Reached XP level 3. HP: 28/31 MP: 3/3
  1018 | D:2      | Found a burning altar of Makhleb.
  1018 | D:2      | Noticed a cacodemon
  1021 | D:2      | Noticed an orange demon
  1021 | D:2      | Noticed a neqoxec
  1023 | D:2      | Became a worshipper of Makhleb the Destroyer
  1143 | D:2      | Reached skill level 5 in Axes
  1382 | D:3      | Noticed Grinder
  1389 | D:3      | Paralysed by Grinder for 7 turns
  1395 | D:3      | Slain by Grinder

Vault maps used:
D:1:      dpeg_arrival_ternary, minmay_misc_feat_plants
D:2:      fiery_altar_vehumet, makhleb_altar_promises_db
D:3:      lemuel_doored_altar, nemelex_altar_shiori, uniq_iyjb, uniq_grinder

Skill      XL: |  1  2  3 |
---------------+----------+-----
Axes           | 3 4 5 |  5.1
Fighting       | |  3.6
Armour         | |  3.2
Shields        | |  3.2

Action                   || total
-------------------------++-------
Melee: War axe           ||    76
  Eat: Chunk             ||     2
Armor: Scale mail        ||    36
Dodge: Dodged            ||    23
Block: Shield            ||    30
